 Dungeon Crawl Stone Soup version 0.31.0-11-ge490571c62 (webtiles) character file.

Game seed: 8836304596912185883

44 qw the Shooter (level 3, -2/20 HPs)
             Began as a Deep Elf Hunter on Feb 3, 2024.
             Killed from afar by Ijyb (13 damage)
             ... with a bolt of acid
             ... on level 3 of the Dungeon.
             The game lasted 00:00:31 (1616 turns).

qw the Shooter (Deep Elf Hunter)                    Turns: 1616, Time: 00:00:31

Health: -2/20      AC:  9    Str: 10    XL:     3   Next: 39%
Magic:  5/5        EV: 11    Int: 13    God:
Gold:   71         SH:  0    Dex: 18    Spells: 2/2 levels left

rFire   . . .        a - +0 shortbow
rCold   . . .        (shield currently unavailable)
rNeg    . . .        f - +0 ring mail
rPois   .            (no helmet)
rElec   .            (no cloak)
rCorr   .            (no gloves)
SInv    .            (no boots)
Will    .....        (no amulet)
Stlth   +            g - +4 ring of protection
HPRegen 0.23/turn    (no ring)
MPRegen 0.09/turn

%: no passive effects
@: no status effects
A: no striking features
a: no special abilities


You were on level 3 of the Dungeon.
You visited 1 branch of the dungeon, and saw 3 of its levels.

You collected 71 gold pieces.


   Skills:
 - Level 1.5 Fighting
 + Level 7.0 Ranged Weapons
 - Level 2.4 Dodging
 - Level 1.2 Stealth


You had 2 spell levels left.
You didn't know any spells.
Your spell library was empty.

Inventory:

Hand Weapons
 a - a +0 shortbow (weapon)
Armour
 f - a +0 ring mail (worn)
Jewellery
 g - a +4 ring of protection (left hand)

Dungeon Overview and Level Annotations

Branches:
Dungeon (3/15)

Altars:

Annotations:
D:3 Ijyb


Message History

You start resting.
HP restored.
You climb downwards.
Level annotation: Ijyb
There is a stone staircase leading up here.
You shoot an arrow. The arrow hits Ijyb but does no damage.
Ijyb is lightly wounded.
Ijyb zaps a wand.
The bolt of acid hits you!
Ouch! That really hurt!
1549 ||| STAIRDANCE You climb upwards.
There is a stone staircase leading down here.
You start resting.
HP restored.
You climb downwards.
Level annotation: Ijyb
There is a stone staircase leading up here.
You shoot an arrow. The arrow barely misses Ijyb.
You shoot an arrow. The arrow hits Ijyb.
Ijyb is lightly wounded.
Ijyb zaps a wand.
The bolt of acid misses you.
You shoot an arrow. The arrow hits Ijyb.
Ijyb is heavily wounded.
Ijyb zaps a wand.
The bolt of acid hits you.
You shoot an arrow. The arrow barely misses Ijyb.
You shoot an arrow. The arrow hits Ijyb but does no damage.
Ijyb is heavily wounded.
Ijyb hits you with a +6 club.
You shoot an arrow. The arrow barely misses Ijyb.
Ijyb hits you with a +6 club.
You shoot an arrow. The arrow closely misses Ijyb.
Ijyb hits you but does no damage.
You shoot an arrow. The arrow barely misses Ijyb.
Ijyb screams, "Die!"
Ijyb hits you with a +6 club.
Ijyb zaps a wand.
The bolt of acid misses you.
You shoot an arrow. The arrow hits Ijyb but does no damage.
Ijyb is heavily wounded.
Ijyb zaps a wand.
The bolt of acid hits you!
Ouch! That really hurt!
You die... ####.### #@g....# ####.#.#

You could see Ijyb.

Vanquished Creatures
  2 ribbon worms (D:2)
  3 bats
  4 endoplasms
  A giant cockroach (D:2)
  A goblin (D:1)
  4 hobgoblins
  2 jackals (D:2)
  2 quokkas
  5 ball pythons
  7 frilled lizards
  3 kobolds
  3 rats
37 creatures vanquished.

Notes
Turn   | Place    | Note
-------+----------+-------------------------------------------
     0 | D:1      | qw the Deep Elf Hunter began the quest for the Orb.
     0 | D:1      | Reached XP level 1. HP: 12/12 MP: 3/3
     0 | D:1      | 0 ||| qw: Version: 0.3-a-155-g5e7d8dd
     0 | D:1      | 0 ||| qw: Game counter: 3305
     0 | D:1      | 0 ||| qw: Melee chars always use a shield: true
     0 | D:1      | 0 ||| qw: God list: Okawaru
     0 | D:1      | 0 ||| qw: Allow faded altars: false
     0 | D:1      | 0 ||| qw: Do Orc after clearing Dungeon:15 true
     0 | D:1      | 0 ||| qw: Do second Lair branch before Depths: true
     0 | D:1      | 0 ||| qw: Lair rune preference: random
     0 | D:1      | 0 ||| qw: Goals: Normal
     0 | D:1      | 0 ||| PLANNING D:1-11
   201 | D:1      | Reached XP level 2. HP: 16/16 MP: 4/4
   224 | D:1      | Reached skill level 6 in Ranged Weapons
   356 | D:1      | Found a faded altar of an unknown god.
   892 | D:1      | 892 ||| UPGRADING to +0 ring mail.
   902 | D:1      | 902 ||| DROPPING +0 leather armour.
   903 | D:1      | 903 ||| UPGRADING to +4 ring of protection.
   904 | D:1      | 904 ||| READING scroll labelled ZOOMULAE YCIYTT.
   904 | D:1      | 904 ||| IDENTIFYING grey potion
   905 | D:1      | 905 ||| DROPPING scroll of butterflies.
   906 | D:1      | 906 ||| DROPPING potion of attraction.
  1113 | D:2      | Reached XP level 3. HP: 20/20 MP: 5/5
  1283 | D:2      | Reached skill level 7 in Ranged Weapons
  1359 | D:2      | 1359 ||| READING scroll of identify.
  1359 | D:2      | 1359 ||| IDENTIFYING green potion
  1360 | D:2      | 1360 ||| DRINKING 2 white potions.
  1361 | D:2      | 1361 ||| DROPPING potion of ambrosia.
  1362 | D:2      | 1362 ||| DROPPING potion of magic.
  1387 | D:3      | Noticed Ijyb
  1389 | D:3      | HP: 5/20 [Ijyb/bolt of acid (15)]
  1390 | D:3      | 1390 ||| STAIRDANCE
  1456 | D:3      | 1456 ||| STAIRDANCE
  1481 | D:3      | 1481 ||| STAIRDANCE
  1513 | D:3      | 1513 ||| STAIRDANCE
  1549 | D:3      | 1549 ||| STAIRDANCE
  1616 | D:3      | Killed from afar by Ijyb

Levels and vault maps discovered:
D:1:      giann_horns, layout_basic, ebering_ecumenical_altar_sacrificial
D:2:      layout_rooms
D:3:      layout_basic, minmay_misc_feat_hallway, uniq_sigmund, uniq_ijyb

Skill      XL: |  1  2  3 |
---------------+----------+-----
Ranged Weapons | 6 7 |  7.0
Fighting       | |  1.5
Dodging        | |  2.4
Stealth        | |  1.2

Action                     || total
---------------------------++-------
   Fire: Shortbow          ||    92
    Use: Scroll            ||     2
         Potion            ||     1
 Armour: Ring mail         ||    15
  Dodge: Dodged            ||    16

Table legend:
 A = Non-vault XP
 B = Vault XP
 C = Vault XP percentage of total XP
 D = Non-vault monster count
 E = Vault monster count
 F = Vault count percentage of total count
                 A         B        C        D         E       F
            +---------+---------+-------+---------+---------+-------
      Total |      63 |       0 |   0.0 |      37 |       0 |   0.0
            +---------+---------+-------+---------+---------+-------
        D:1 |      23 |       0 |   0.0 |      15 |       0 |   0.0
        D:2 |      40 |       0 |   0.0 |      22 |       0 |   0.0
            +---------+---------+-------+---------+---------+-------
